Cogmind - Beta 10.2 @@@ ROGUE MODE // 2021.05.18 @ 09:31:57 Player: silmarilion6 Result: Smashed by cave-in Performance ------------- Evolutions (1) 500 Regions Visited (2) 400 Robots Destroyed (35) 175 Value Destroyed (774) 774 Prototype IDs (0) 0 Alien Tech Used (0) 0 Bonus (10) 10 TOTAL SCORE: 1859 Bonus ------- High Alert Combat Kills 10 Cogmind --------- Core Integrity 0/400 Matter 174/300 Energy 100/100 System Corruption 14% Temperature Cool (0) Movement Walking (120) Location -9/Materials Parts ------- > --- POWER (1) -------- (None) > --- PROPULSION (3) --- Aluminum Leg Aluminum Leg > --- UTILITY (3) ------ (None) > --- WEAPON (2) ------- Particle Gun Assault Rifle > --- INVENTORY (4) ---- Ion Engine Signal Interpreter Medium Laser Assault Rifle Peak State ------------ > --- POWER ------------ Light Ion Engine > --- PROPULSION ------- Aluminum Leg Aluminum Leg Aluminum Leg > --- UTILITY ---------- Small Storage Unit Small Storage Unit Visual Processing Unit > --- WEAPON ----------- Assault Rifle Assault Rifle > --- INVENTORY -------- Ion Engine Light Ion Engine Medium Laser Assault Rifle Grenade Launcher Grenade Launcher Hammer [Rating: 10] Favorites ----------- Power Light Ion Engine Engine Light Ion Engine Propulsion Aluminum Leg Leg Aluminum Leg Utility Small Storage Unit Device Tractor Beam Storage Small Storage Unit Processor Visual Processing Unit Weapon Assault Rifle Energy Gun Particle Gun Ballistic Gun Assault Rifle Launcher Grenade Launcher Build | -11 -10 -9 ------- Run | Scr Mat Mat Slots Evolved 2 | . . 2 Power . | . . . Propulsion 1 | . . 1 Utility 1 | . . 1 Weapon . | . . . Parts Attached 31 | 6 4 21 Power 4 | . 2 2 Engine 4 | . 2 2 Core . | . . . Reactor . | . . . Propulsion 8 | 2 . 6 Treads . | . . . Leg 8 | 2 . 6 Wheel . | . . . Hover . | . . . Flight . | . . . Utility 5 | 2 . 3 Device 1 | . . 1 Storage 2 | 2 . . Processor 2 | . . 2 Hackware . | . . . Protection . | . . . Artifact . | . . . Weapon 14 | 2 2 10 Energy Gun 1 | . . 1 Energy Cannon . | . . . Ballistic Gun 8 | 2 1 5 Ballistic Cannon . | . . . Launcher 5 | . 1 4 Special Weapon . | . . . Impact Weapon . | . . . Slashing Weapon . | . . . Piercing Weapon . | . . . Special Melee Weapon . | . . . Unidentified Prototypes . | . . . Parts Lost 10 | . . 10 Power 1 | . . 1 Propulsion 3 | . . 3 Utility 3 | . . 3 Weapon 3 | . . 3 Highest Loss Streak 5 | . . 5 Average Slot Usage (%) 97 | . 100 96 Engine 12 | . 14 11 Leg 29 | . 28 30 Storage 24 | . 28 22 Processor 5 | . . 9 Ballistic Gun 19 | . 19 19 Launcher 4 | . 8 2 Naked Turns . | . . . Heaviest Build 17 | 12 16 17 Greatest Support 30 | 20 20 30 Greatest Overweight (x) 1 | 1 . . Average Overweight (x) . | . . . Largest Inventory Capacity 8 | 8 8 8 Average Capacity 7 | 6 8 7 Most Carried 8 | 5 8 8 Average Carried 6 | 2 6 6 Final Capacity 8 | 8 8 4 Final Carried 8 | 4 8 4 Class Distribution -------------------- 53% | Scavenger-Mutant 46% | Mutant Dominant Class ---------------- Mutant | -10/Materials Scavenger-Mutant | -9/Materials Resources | -11 -10 -9 ----------- Run | Scr Mat Mat Matter Collected 945 | 289 162 494 Remotely 74 | . . 74 Salvage Created 900 | 73 201 626 Parts 71 | 3 19 49 Haulers Intercepted . | . . . Recyclers Shooed 1 | . . 1 Parts Field Recycled . | . . . Retrieved Matter . | . . . Parts Self-Destructed . | . . . Prevented . | . . . Kills | -11 -10 -9 ------- Run | Scr Mat Mat Combat Hostiles Destroyed 26 | . 9 17 Guns 17 | . 6 11 AOE 9 | . 3 6 Classes Destroyed 7 | 1 3 3 Worker 3 | . . 3 Builder 1 | . . 1 Recycler 2 | 1 . 1 Watcher 3 | . 1 2 Swarmer 11 | . 6 5 Grunt 12 | . 3 9 Sentry 3 | . . 3 Best Kill Streak 6 | 1 6 6 Combat Bots Only 5 | . 5 5 Max Kills in Single Turn 3 | 1 2 3 Gunslinging . | . . . Exploded 3 | . 2 3 Melee . | . . . Uniques/NPCs Destroyed . | . . . Combat | -11 -10 -9 -------- Run | Scr Mat Mat Damage Taken 1886 | . 125 1761 Core 436 | . 6 430 Absorbed by Shields . | . . . Core Remaining (%) 98 | 100 97 . Volleys Fired 103 | 5 23 75 Largest 2 | 2 2 2 Hottest 60 | 40 50 60 Shots Fired 187 | 10 31 146 Gun 171 | 10 27 134 Cannon . | . . . Launcher 16 | . 4 12 Special . | . . . Kinetic 171 | 10 27 134 Thermal . | . . . Explosive 16 | . 4 12 Electromagnetic . | . . . Robot Hit Streak 9 | 3 4 9 Robot Miss Streak 4 | 1 4 4 Penetration Max . | . . . Secondary Targets 3 | . . 3 Max Gunslinging Chain 1 | . . 1 Shots Hit Robots 99 | 6 18 75 Core Hits 57 | 2 14 41 Critical Hits . | . . . Critical Kills . | . . . Critical Parts Destroyed . | . . . Melee Attacks . | . . . Impact . | . . . Slashing . | . . . Piercing . | . . . Sneak Attacks . | . . . Combat Hostiles . | . . . Follow-up Attacks . | . . . Damage Inflicted 2008 | 51 471 1486 Guns 1024 | 51 214 759 Cannons . | . . . Explosions 971 | . 257 714 Melee . | . . . Ramming 13 | . . 13 Kinetic 1024 | 51 214 759 Thermal . | . . . Explosive 971 | . 257 714 Electromagnetic . | . . . Impact . | . . . Slashing . | . . . Piercing . | . . . Highest Corruption 11 | . . 11 Average Corruption 1 | . . 1 Corruption Purged . | . . . Overload Shots . | . . . Overflow Damage 44 | . 20 24 Projectiles . | . . . Explosions 44 | . 20 24 Melee . | . . . Knockbacks . | . . . Impact . | . . . Kinetic . | . . . Secondary . | . . . Self-Inflicted Damage 108 | . . 108 Shots 5 | . . 5 Rammed 1 | . . 1 Targets Rammed 3 | . . 3 Kicked 2 | . . 2 Crushed . | . . . Highest Temperature 36 | . . 36 Average Temperature 11 | . . 11 Received Heat Transfer 396 | . 48 348 Siege Activations . | . . . Robots Corrupted . | . . . Combat Hostiles . | . . . Parts Fried . | . . . Impact Corruptions . | . . . Robots Melted . | . . . Combat Hostiles . | . . . Parts Melted . | . . . Heat Transferred . | . . . Parts Sabotaged . | . . . Parts Stolen . | . . . Parts Stripped . | . . . Power Chain Reactions . | . . . Missiles Intercepted . | . . . Alert | -11 -10 -9 ------- Run | Scr Mat Mat Peak Influence 438 | 5 310 438 Initial 52 | . 3 52 Average 222 | . 181 289 Maximum Alert Level 2 | . 1 2 Low Security (%) 48 | 100 65 26 Level 1 37 | . 34 46 Level 2 14 | . . 26 Level 3 . | . . . Level 4 . | . . . Level 5 . | . . . High Security . | . . . Max Security . | . . . Squads Dispatched 5 | . 2 3 Investigation 1 | . . 1 Extermination . | . . . Reinforcement 4 | . 2 2 Assault . | . . . Garrison . | . . . Intercept . | . . . Construction Impeded . | . . . Haulers Reinforced . | . . . Stealth | -11 -10 -9 --------- Run | Scr Mat Mat Distress Signals 5 | . 2 3 Communications Jammed . | . . . Distress Signals . | . . . Times Spotted 44 | . 14 30 Peak Tracking Total 8 | . 5 8 Tactical Retreats 2 | . . 2 Traps | -11 -10 -9 ------- Run | Scr Mat Mat Traps Triggered . | . . . Indirectly . | . . . Trap Hack Attempts . | . . . Triggered . | . . . Disarmed . | . . . Reprogrammed . | . . . Reused . | . . . Traps Extracted . | . . . Installed . | . . . Triggered . | . . . Machines | -11 -10 -9 ---------- Run | Scr Mat Mat Machines Disabled 4 | . 2 2 Max in Single Turn 1 | . 1 1 Machines Sabotaged . | . . . Garrisons Compromised . | . . . Overloaded Fab Kills . | . . . Fab Network Shutdowns . | . . . Hacking | -11 -10 -9 --------- Run | Scr Mat Mat Machines Accessed 4 | . 2 2 Terminals 3 | . 1 2 Fabricators . | . . . Repair Stations . | . . . Recycling Units 1 | . 1 . Scanalyzers . | . . . Garrison Access . | . . . Total Hacks 14 | . 5 9 Successful 6 | . 3 3 Failed 8 | . 2 6 Catastrophic 1 | . 1 . Database Lockouts . | . . . Manual . | . . . Terminals 12 | . 3 9 Fabricators . | . . . Repair Stations . | . . . Recycling Units 2 | . 2 . Scanalyzers . | . . . Garrison Access . | . . . Terminal Hacks 5 | . 2 3 Record 3 | . . 3 Reinforcement Status 1 | . 1 . Recall Investigation 1 | . 1 . Fabricator Hacks . | . . . Repair Station Hacks . | . . . Recycling Unit Hacks 1 | . 1 . Retrieve Components 1 | . 1 . Scanalyzer . | . . . Garrison Access Hacks . | . . . Unauthorized Hacks . | . . . Terminals . | . . . Fabricators . | . . . Repair Stations . | . . . Recycling Units . | . . . Scanalyzers . | . . . Garrison Access . | . . . Data Cores Recovered . | . . . Used . | . . . Hacking Detections 2 | . 1 1 Full Trace Events 2 | . 1 1 Feedback Events . | . . . Feedback Blocked . | . . . Robot Schematics Acquired . | . . . Robots Built . | . . . Matter . | . . . Time . | . . . Total Robot Build Rating . | . . . Part Schematics Acquired . | . . . Parts Built . | . . . Matter . | . . . Time . | . . . Total Part Build Rating . | . . . Parts Repaired . | . . . Time . | . . . Parts Recycled . | . . . Recycled Matter . | . . . Retrieved Matter . | . . . Retrieved Components 6 | . 6 . Parts Scanalyzed . | . . . Part Schematics Acquired . | . . . Parts Damaged . | . . . Bothacking | -11 -10 -9 ------------ Run | Scr Mat Mat Used RIF Installer . | . . . Robots Hacked . | . . . Non-combat . | . . . Combat . | . . . Robot Hacks Applied . | . . . Relay Couplers Released . | . . . Robots Rewired . | . . . Allies Hacked . | . . . Hacks Repelled . | . . . Allies | -11 -10 -9 -------- Run | Scr Mat Mat Total Allies . | . . . Largest Group . | . . . Highest-Rated Group . | . . . Highest-Rated Ally . | . . . Total Orders . | . . . Ally Attacks . | . . . Total Damage . | . . . Kills . | . . . Allies Corrupted . | . . . Allies Melted . | . . . Intel | -11 -10 -9 ------- Run | Scr Mat Mat Robot Analysis Total . | . . . Derelict Logs Recovered . | . . . Drone Launches . | . . . Drone Recoveries . | . . . Exploration | -11 -10 -9 ------------- Run | Scr Mat Mat Turns Passed 1174 | 110 437 627 Spaces Moved 636 | 70 307 259 Core 9 | 9 . . Treads . | . . . Legs 627 | 61 307 259 Wheels . | . . . Hover . | . . . Flight . | . . . Fastest Speed 50 | 50 120 120 Average Speed 119 | 114 120 120 Slowest Speed 120 | 120 120 120 Overloaded Moves . | . . . Propulsion Burnouts . | . . . Robots Hopped . | . . . Cave-ins Triggered 3 | . . 3 Exploration Rate (%) 26 | 4 50 26 Regions Visited 2 Branch Regions . Pre-discovered Areas . | . . . Known Exits Taken . | . . . Unknown Exits Taken 2 | 1 1 . Scrap Searched . | . . . Spaces Dug . | . . . Terrain Destroyed 96 | . 23 73 Melee . | . . . Projectile . | . . . AOE 96 | . 23 73 Terrain Rammed . | . . . Walls Destroyed . | . . . Machines Disabled . | . . . Actions | -11 -10 -9 --------- Run | Scr Mat Mat Total 869 | 90 345 434 Wait 61 | . . 61 Move 634 | 69 306 259 Hop . | . . . Pick Up 25 | 10 8 7 Fast Attach 1 | . . 1 Attach 15 | 6 2 7 Detach 1 | . 1 . Swap 15 | . 2 13 Drop 11 | . 3 8 Fire 103 | 5 23 75 Melee . | . . . Ram . | . . . Kick 3 | . . 3 Crush . | . . . Escape Stasis . | . . . Rewire . | . . . Trap . | . . . Miscellaneous . | . . . Route ------- -11/Scrapyard -10/Materials -9/Materials History --------- Turn | Location | Event 6 | -11/Scrapyard | Discovered new exit (range 15) 111 | -11/Scrapyard | Entered Materials 301 | -10/Materials | Build established: Mutant 393 | -10/Materials | Discovered new exit (range 5) 548 | -10/Materials | Entered another Materials area 548 | -9/Materials | Evolved 2 slots: Propulsion x1, Utility x1 857 | -9/Materials | Build established: Scavenger-Mutant 1081 | -9/Materials | Lost 5 parts (2n3w) 1152 | -9/Materials | Crushed by falling debris 1175 | -9/Materials | Crushed by falling debris 1175 | -9/Materials | Core integrity fell below 50% 1175 | -9/Materials | Core integrity fell below 20% 1175 | -9/Materials | System corruption reached 10% 1176 | -9/Materials | Crushed by falling debris 1176 | -9/Materials | Smashed by cave-in Last Messages --------------- 01098_ K-01 Serf collects debris. 01102_ U-05 Engineer lays Concrete. 01105_ K-01 Serf collects debris. 01105_ U-05 Engineer lays Concrete. 01107_ U-05 Engineer builds a Wall. 01152_ The unstable cave ceiling collapses. 01152_ Crushed by falling debris. [Achievement: Unlikely Earthworm] 01152_ Targeting Computer destroyed. 01152_ System corrupted by crushing effect (+1). 01175_ The unstable cave ceiling collapses. 01175_ Crushed by falling debris. 01175_ Lgt. Ion Engine destroyed. 01175_ System corrupted by crushing effect (+5). 01175_ Sml. Storage Unit destroyed. 01175_ System corrupted by crushing effect (+5). 01176_ The unstable cave ceiling collapses. 01176_ Crushed by falling debris. 01176_ Sml. Storage Unit destroyed. 01176_ System corrupted by crushing effect (+3). Map ----- +----------------------------------------------------+ | ??????????????????????????????????????????# = | | ?????????????????????????????????????????## ! ! | | ?????????????????????????????????????????# ! * | | ?????????????????????????????????????????# ## | | ????????????????????????????????????????## # # # | | ????????????????????????????????????????# | | ????????????????????????????????????????# | | ??????????????????????????????#+##??????# | | ?????????????????????????????? ??????# | | ?????????????????????????????? #?????# / | | ?????????????????????????????? #?????# | | ??????????????????????????????# #?????# | | ??????????????????????????????# ##?##?# | | ??????????????????????????????# ?? ########### | | ??????????????????????????????# #?????????? | | ?????????????????????????????## """ #?????????? | | ???????????????????????????? ## """ #?????????? | | ???????????????????????????! ## """ #?????????? | | ?????????????????????????? ## #?????????? | | ???????????????########## ## ? +?????????? | | ???????????????# # ## ?? #????????## | | ???????????????# """ ##########+#####+#????????+ | | ???????????????# """ !/ *=/=* #????????## | | ???????????????# """ #[###%[""" """ #?????????? | | ???????????????# *#*###== "Y" #?????????? | | ???????????????# # #@# "" ########### | | ???????????????##### # ### +% | | ???????????????????#### ########################## | | ??????????????????????# #????????????????????# | | ??????????????????????#%#????????????????????# | | ??????????????????????#*#????????????????????# | | ??????????????????????# ????????????????????# | | ??????????????????????# ????????????????????##### | | ??????????????????????# ????????????????????????? | | ??????????????????????? ??????????????????????## | | ??????????????????????? ??????????????????????# | | ??????????????????????? ???????????????????????# | | ??????????????????????? ???????????????????????# | | ??????????????????????? ???????????????????????# | | ??????????????????????? ???????????????????????# | | ??????????????????????? ???????????????????????# | | ????????????????????????????????????????????????## | | ?????????????????????????????????????????????????? | | ?????????????????????????????????????????????????? | | ?????????????????????????????????????????????????? | | ?????????????????????????????????????????????????? | | ?????????????????????????????????????????????????? | | ?????????????????????????????????????????????????? | | ?????????????????????????????????????????????????? | | ?????????????????????????????????????????????????? | +----------------------------------------------------+ Best States ------------- Heat Dissipation 28 Energy Generation 10 Energy Capacity 125 Matter Stores 300 Matter Capacity 300 Sight Range 18 Terrain Scan Density 10 Evasion (%) 40 Targeting Accuracy 5 Item Schematics ----------------- None Robot Schematics ------------------ None Fabricated ------------ Nothing Alien Tech Used ----------------- None Achievements -------------- Unlikely Earthworm Challenges ------------ None Game ------ Seed DisposableWeldingStripper Manual? 0 Play Time 00:20:17 Cumulative 5.8 hours Start 2021.05.18 @ 09:12:15 End 2021.05.18 @ 09:31:57 Sessions 1 Manual Loads 0 Difficulty Rogue Special Mode None Game No. 6 Rogue 6 Adventurer 0 Explorer 0 Win Type - Total 0 Types 0/0/0/0/0/0/0/0/0 Lore% 12 Gallery% 9 Achievement% 9 Wizard Run 0 Options --------- ASCII 0 Keyboard 0 Movement Mouse Keybinds 0 Fullscreen 1 Font 18/CogNarrow Map View 76x50 Tactical HUD 1 Map Filters NONE Filters NONE Steam 1 RUN: 369c5aa7-53b2-408f-8f0a-ba3be24da0b2